 Dungeon Crawl Stone Soup version 0.21.1-1-g345015f (webtiles) character file.

59 GrunderHorse the Shooter (level 3, -2/30 HPs)
             Began as a Centaur Arcane Marksman on Apr 19, 2018.
             Slain by Sigmund
             ... wielding a +0 scythe
              (10 damage)
             ... on level 2 of the Dungeon.
             The game lasted 00:03:39 (1712 turns).

GrunderHorse the Shooter (Centaur Arcane Marksman)  Turns: 1712, Time: 00:03:40

Health: -2/30      AC:  4    Str: 12    XL:     3   Next: 78%
Magic:  4/4        EV:  9    Int: 12    God:
Gold:   95         SH:  0    Dex: 10    Spells: 1/4 levels left

rFire    . . .     SeeInvis .   a - +2 dagger (venom)
rCold    . . .     Gourm    .   (no shield)
rNeg     + . .     Faith    .   e - +0 robe
rPois    .         Spirit   .   (no helmet)
rElec    .         Reflect  .   (no cloak)
rCorr    .         Harm     .   (no gloves)
MR       .....                  (no barding)
Stlth    +.........             (no amulet)
HPRegen  0.10/turn              k - ring of positive energy
MPRegen  0.09/turn              (no ring)

@: very quick
A: large, hooves 3, deformed body, speed 2, tough skin 3
a: no special abilities


You were on level 2 of the Dungeon.
You were hungry.

You visited 1 branch of the dungeon, and saw 2 of its levels.

You collected 95 gold pieces.

Inventory:

Hand Weapons
 a - a +2 dagger of venom (weapon)
 b - a +0 shortbow
 n - a +0 spear
Missiles
 d - 13 arrows
Armour
 e - a +0 robe (worn)
Jewellery
 g - an uncursed amulet of guardian spirit {unknown}
 k - a ring of positive energy (left hand)
Scrolls
 i - a scroll of teleportation
 l - 2 scrolls of identify
 m - a scroll of immolation {unknown}
 o - a scroll of enchant armour {unknown}
Potions
 h - 2 potions of curing {unknown}
 j - a potion of might {unknown}
Books
 c - a book of Debilitation

   Spells                             Type                      Level
   a - Corona                         Hexes                        1
   b - Slow                           Hexes                        2
   c - Inner Flame                    Hexes/Fire                   3
   d - Portal Projectile              Hexes/Translocation          3
   e - Cause Fear                     Hexes                        4
   f - Leda's Liquefaction            Hexes/Earth                  4
Comestibles
 f - 4 rations


   Skills:
 + Level 2.7 Fighting
 + Level 4.3 Bows
 - Level 1.3 Dodging
 - Level 1.0 Spellcasting
 - Level 2.6 Hexes


You had one spell level left.
You knew the following spells:

 Your Spells              Type           Power        Failure   Level  Hunger
a - Corona                Hex            #......      10%         1    ##.....
b - Slow                  Hex            #.......     16%         2    ###....


Dungeon Overview and Level Annotations

Branches:
Dungeon (2/15)

Altars:

Annotations:
D:2 Sigmund


Innate Abilities, Weirdness & Mutations

You have hooves in place of feet.
Armour fits poorly on your strangely shaped body.
You cover ground very quickly.
You have extremely tough skin. (AC +3)


Message History

The puff of flame hits you!
A frilled lizard is nearby!
You see here a kobold skeleton.
A frilled lizard is nearby!
A frilled lizard is nearby!
A frilled lizard is nearby!
You closely miss the frilled lizard.
The frilled lizard bites you but does no damage.
You miss the frilled lizard. The frilled lizard bites you.
You barely miss the frilled lizard. Your kick misses the frilled lizard.
The frilled lizard bites you. Something hits you!
You closely miss the frilled lizard. The frilled lizard bites you.
You are too injured to fight recklessly!
Something hits you!
* * * LOW HITPOINT WARNING * * *
The frilled lizard bites you.
* * * LOW HITPOINT WARNING * * *
You see here a kobold skeleton.
Something hits you!
You die...

...#.................#.####.#
.............................
.........[................### .#
.............<............# #.#
...........<..............# #.#
..........................+ #.#
#...##.##.###.#...........##.#.#
.............................#.#
................@>############.#
...l............รท.#............##
..#.............l.......######...
..#.......#+##..........# #.##
..#.......#.##..........######.##
..'.....................'........
..#....##...#...........######.##
.......##...............# #.#
.......##...............# #.#


You could see a frilled lizard.

Vanquished Creatures
  A gnoll (D:1)
  An adder (D:2)
  A dart slug (D:2)
  2 leopard geckos
  2 giant cockroaches (D:1)
  4 hobgoblins
  3 jackals (D:1)
  4 bats (D:1)
  4 frilled lizards
  4 goblins (D:1)
  7 kobolds
  5 rats (D:1)
38 creatures vanquished.

Notes
Turn   | Place    | Note
-------+----------+-------------------------------------------
     0 | D:1      | GrunderHorse the Centaur Arcane Marksman began the quest for the Orb.
     0 | D:1      | Reached XP level 1. HP: 16/16 MP: 2/2
   133 | D:1      | Reached skill level 3 in Bows
   403 | D:1      | Reached XP level 2. HP: 23/23 MP: 3/3
   834 | D:1      | Reached XP level 3. HP: 25/30 MP: 4/4
  1063 | D:1      | Reached skill level 4 in Bows
  1212 | D:2      | Learned a level 2 spell: Slow
  1605 | D:2      | Noticed Sigmund
  1712 | D:2      | Slain by Sigmund

Skill      XL: |  1  2  3 |
---------------+----------+-----
Bows           | 3 4 |  4.3
Fighting       | 2 |  2.7
Dodging        | |  1.3
Spellcasting   | |  1.0
Hexes          | |  2.6

Action                   || total
-------------------------++-------
Melee: Unarmed           ||     4
       Spear             ||    74
       Kick              ||    10
       Dagger            ||    13
 Fire: Shortbow          ||    24
  Use: Scroll            ||     4
  Eat: Chunk             ||     1
Armor: Robe              ||    18
Dodge: Dodged            ||    44
